 Dungeon Crawl Stone Soup version 0.22.1-2-g9c5b331 (webtiles) character file.

1630 diana the Carver (level 8, -5/73 HPs)
             Began as a White Draconian Gladiator on Nov 26, 2018.
             Was an Initiate of Ashenzari.
             Slain by Duvessa
             ... wielding a +1 short sword of draining
              (6 damage)
             ... on level 6 of the Dungeon.
             The game lasted 00:11:49 (7392 turns).

diana the Carver (White Draconian Gladiator)        Turns: 7392, Time: 00:11:50

Health: -5/73      AC:  6    Str: 20    XL:     8   Next: 65%
Magic:  8/8        EV: 10    Int:  8    God:    Ashenzari [......]
Gold:   425        SH:  3    Dex: 12    Spells: 7/7 levels left

rFire    . . .     SeeInvis .   a - +0 long sword
rCold    + . .     Gourm    .   l - +0 buckler
rNeg     . . .     Faith    .   (armour unavailable)
rPois    .         Spirit   .   b - +0 hat
rElec    .         Reflect  .   (no cloak)
rCorr    .         Harm     .   (no gloves)
MR       .....                  (no boots)
Stlth    +.........             t - amulet of the acrobat
HPRegen  0.00/turn              (no ring)
MPRegen  0.11/turn              (no ring)

@: heavily drained
A: breathe frost, unfitting armour, cold resistance 1, mutation resistance 1,
inhibited regeneration, cold-blooded, AC +6
a: Breathe Frost, Curse Item, Renounce Religion


You were on level 6 of the Dungeon.
You worshipped Ashenzari.
Ashenzari was noncommittal.
You were near starving.

You visited 2 branches of the dungeon, and saw 7 of its levels.
You also visited: Sewer.

You collected 425 gold pieces.

Inventory:

Hand Weapons
 a - a +0 long sword (weapon)
Missiles
 c - 2 throwing nets (quivered)
Armour
 b - a +0 hat (worn)
 l - a +0 buckler (worn)
Jewellery
 t - an amulet of the acrobat (around neck)
Wands
 r - a wand of iceblast (9)
Scrolls
 e - a scroll of enchant weapon {unknown}
 f - 2 scrolls of fear {unknown}
 j - 3 scrolls of fog
 k - 2 scrolls of immolation
 m - 2 scrolls of blinking {unknown}
 n - 2 scrolls of magic mapping {unknown}
 q - a scroll of noise {unknown}
 s - a scroll of identify
 u - a scroll of summoning {unknown}
 v - a scroll of teleportation {unknown}
Potions
 g - a potion of degeneration
 h - 4 potions of lignification
 o - 2 potions of haste {unknown}
 p - 3 potions of invisibility
Comestibles
 d - 9 rations


   Skills:
 + Level 7.2(4.2) Fighting
 * Level 9.5(6.4) Long Blades
 - Level 1.7(0.0) Throwing
 - Level 2.6(0.0) Dodging


You had 7 spell levels left.
You didn't know any spells.
Your spell library was empty.

Dungeon Overview and Level Annotations

Branches:
Dungeon (6/15)             Temple (1/1) D:6

Altars:
Ashenzari
Dithmenos
Elyvilon
Gozag
Kikubaaqudgha
Makhleb
Nemelex Xobeh
Okawaru
Qazlal
Ru
Sif Muna
Trog
Uskayaw
Vehumet
Wu Jian
Xom
Yredelemnul
Zin
The Shining One

Shops:
D:5 [

Annotations:
D:6 Duvessa


Innate Abilities, Weirdness & Mutations

You can breathe waves of freezing cold.
You can buffet flying creatures when you breathe cold.
Your icy white scales are hard. (AC +6)
You cannot fit into any form of body armour.
Your flesh is cold resistant. (rC+)
You are cold-blooded and may be slowed by cold attacks.
You are somewhat resistant to further mutation.
You do not regenerate when monsters are visible.


Message History

The net rips apart, and Duvessa comes free!
You hit Duvessa but do no damage.
Duvessa is moderately wounded.
You block Duvessa's attack. Duvessa hits you but does no damage.
You feel drained.
You barely miss Duvessa.
Duvessa is moderately wounded.
Duvessa hits you with a short sword of draining.
* * * LOW HITPOINT WARNING * * *
You feel drained.
You hit Duvessa.
Duvessa is heavily wounded.
Duvessa hits you with a short sword of draining.
* * * LOW HITPOINT WARNING * * *
You feel drained.
* * * LOW HITPOINT WARNING * * *
Duvessa hits you with a short sword of draining!
* * * LOW HITPOINT WARNING * * *
You feel drained.
You die...

### #.. #.. ##.## #.#
#.########...##### #.#
#.# #.#..............#
#.# #.# #.#.#
####...###.# #.# ###.#
#.#.#######.## #.# #.#
..#.#######...........#
#.# #.#
.e........[...######..#
#.# #.#
#####<..........@e....#
#.# #.#
#.........######..#
#.####.# # #.#########
#..####....... # #.#
#............# # #.#
#<#.########## # #.#
#.#.### #####.# ###
#.....# ......# ##.##
#.###.##### .#....#
##.#.## #.# #.....####


You could see Duvessa (berserk).

Vanquished Creatures
  Sigmund (D:3)
  Menkaure (D:6)
  A sky beast (D:6)
  A phantom (D:6)
  A centaur (D:6)
  2 bullfrogs
  A scorpion (D:6)
  Dowan (D:6)
  A howler monkey (D:4)
  A crimson imp (D:5)
  A bullfrog zombie (D:5)
  A centaur zombie (D:5)
  A hound (D:6)
  3 centaur skeletons
  An iguana (D:4)
  A jelly (D:5)
  5 worker ants
  Robin (D:3)
  5 gnolls
  11 adders
  19 oozes
  An adder zombie (D:5)
  6 worms
  2 dart slugs (D:2)
  15 leopard geckos
  8 orcs
  6 bats
  17 giant cockroaches
  22 goblins
  12 hobgoblins
  12 jackals
  10 kobolds
  A quokka (D:5)
  13 ball pythons
  12 frilled lizards
  A jackal zombie (D:5)
  7 rats
205 creatures vanquished.

Vanquished Creatures (others)
  A centaur (D:5)
1 creature vanquished.

Grand Total: 206 creatures vanquished

Notes
Turn   | Place    | Note
-------+----------+-------------------------------------------
     0 | D:1      | diana the Draconian Gladiator began the quest for the Orb.
     0 | D:1      | Reached XP level 1. HP: 17/17 MP: 1/1
    63 | D:1      | Reached XP level 2. HP: 17/25 MP: 2/2
   262 | D:1      | Reached XP level 3. HP: 20/30 MP: 3/3
   413 | D:1      | Reached skill level 4 in Long Blades
  1246 | D:2      | Reached XP level 4. HP: 38/38 MP: 4/4
  2270 | D:2      | You fall through a shaft for 2 floors!
  2275 | D:4      | Found a glowing drain.
  2287 | D:4      | Reached skill level 5 in Long Blades
  2299 | D:4      | Reached XP level 5. HP: 42/46 MP: 5/5
  2304 | Sewer    | Entered a sewer
  2796 | Sewer    | Reached XP level 6. HP: 29/52 MP: 6/6
  3173 | Sewer    | Reached skill level 6 in Long Blades
  3314 | D:3      | Found a glowing golden altar of the Shining One.
  3382 | D:3      | Noticed Sigmund
  3394 | D:3      | Killed Sigmund
  3394 | D:3      | Reached skill level 5 in Fighting
  3394 | D:3      | Your scales start taking on an icy white colour.
  3394 | D:3      | Reached XP level 7. HP: 33/61 MP: 7/7
  3394 | D:3      | Gained mutation: Your flesh is cold resistant. (rC+) [White
                  | Draconian growth]
  3646 | D:3      | Found a stormy altar of Qazlal.
  3677 | D:3      | Reached skill level 7 in Long Blades
  3754 | D:3      | Found a deep blue altar of Sif Muna.
  3948 | D:3      | Found a basalt altar of Yredelemnul.
  4058 | D:3      | Found a glowing silver altar of Zin.
  4059 | D:3      | Found a hide-covered altar of Uskayaw.
  4215 | D:3      | Noticed Robin
  4238 | D:3      | Killed Robin
  4386 | D:3      | Noticed an angel
  5071 | D:4      | Found an iron altar of Okawaru.
  5406 | D:5      | Entered Level 5 of the Dungeon
  5619 | D:5      | Found Fidd's Antique Armour Emporium.
  5625 | D:5      | Reached skill level 8 in Long Blades
  5731 | D:5      | Found a radiant altar of Vehumet.
  5979 | D:5      | Found a bloodstained altar of Trog.
  5990 | D:5      | Reached XP level 8. HP: 70/70 MP: 8/8
  6219 | D:6      | Noticed Duvessa
  6219 | D:6      | Noticed Menkaure
  6219 | D:6      | Noticed Dowan
  6676 | D:6      | Found a staircase to the Ecumenical Temple.
  6693 | D:6      | Reached skill level 9 in Long Blades
  7098 | D:6      | Killed Menkaure
  7109 | D:6      | Killed Dowan
  7127 | Temple   | Entered the Ecumenical Temple
  7214 | Temple   | Became a worshipper of Ashenzari the Shackled
  7263 | D:6      | Gained mutation: You possess an exceptional clarity of
                  | mind. [potion of mutation]
  7263 | D:6      | Gained mutation: You do not regenerate when monsters are
                  | visible. [potion of mutation]
  7263 | D:6      | Gained mutation: You are clumsy. (Dex -2) [potion of
                  | mutation]
  7263 | D:6      | Gained mutation: Your skin changes colour to match your
                  | surroundings (Stealth+). [potion of mutation]
  7264 | D:6      | Lost mutation: You possess an exceptional clarity of mind.
                  | [potion of mutation]
  7264 | D:6      | Lost mutation: You are clumsy. (Dex -2) [potion of
                  | mutation]
  7264 | D:6      | Lost mutation: Your skin changes colour to match your
                  | surroundings (Stealth+). [potion of mutation]
  7264 | D:6      | Gained mutation: You are somewhat resistant to further
                  | mutation. [potion of mutation]
  7392 | D:6      | HP: 1/73 [Duvessa/short sword of draining (16)]
  7392 | D:6      | Slain by Duvessa

Skill      XL: |  1  2  3  4  5  6  7  8 |
---------------+-------------------------+-----
Long Blades    | 4 5 6 8 9 |  9.5
Fighting       | 3 4 5 6 7 |  7.2
Throwing       | |  1.7
Dodging        | |  2.6

Action                   |  1- 3 |  4- 6 |  7- 9 || total
-------------------------+-------+-------+-------++-------
Melee: Long sword        |    95 |   294 |   275 ||   664
       Tailslap          |     9 |    40 |    60 ||   109
Throw: Throwing net      |       |       |     2 ||     2
  Use: Scroll            |       |     3 |     5 ||     8
       Potion            |       |       |     3 ||     3
 Stab: Sleeping          |       |     2 |     1 ||     3
  Eat: Chunk             |     1 |     5 |    11 ||    17
       Ration            |       |     1 |       ||     1
Armor: Skin              |    23 |   102 |    52 ||   177
Dodge: Dodged            |    72 |   207 |   193 ||   472
Block: Buckler           |     3 |    36 |    35 ||    74
       Rpst.: Long sword |    21 |    69 |    56 ||   146
